 Dungeon Crawl Stone Soup version 0.21-a0-88-g13b9641 (webtiles) character file.

67 MatthieuS the Sneak (level 4, 0/21 HPs)
             Began as a Spriggan Venom Mage on June 26, 2017.
             Slain by a scorpion (8 damage)
             ... on level 3 of the Dungeon.
             The game lasted 00:08:17 (2680 turns).

MatthieuS the Sneak (Spriggan Venom Mage)           Turns: 2680, Time: 00:08:17

Health: 0/21       AC:  2    Str:  5    XL:     4   Next: 0%
Magic:  0/3        EV: 19    Int: 16    God:
Gold:   114        SH:  0    Dex: 16    Spells: 6/9 levels left

rFire    . . .     SeeInvis +   j - +4 whip (antimagic)
rCold    . . .     Gourm    .   (shield restricted)
rNeg     . . .     Faith    .   a - +0 robe
rPois    .         Spirit   .   (helmet restricted)
rElec    .         Reflect  .   (no cloak)
rCorr    .         Harm     .   (gloves unavailable)
MR       .....                  (boots unavailable)
Stlth    +++.......             (no amulet)
HPRegen  0.07/turn              (no ring)
MPRegen  0.08/turn              (no ring)

@: very quick
A: unfitting armour, see invisible, herbivore 3, speed 3, slow metabolism 2
a: no special abilities


You were on level 3 of the Dungeon.
You were not hungry.

You visited 1 branch of the dungeon, and saw 3 of its levels.

You collected 114 gold pieces.

Inventory:

Hand Weapons
 d - a +0 spear
 j - a +4 antimagic whip (weapon)
 l - a +0 hunting sling
 u - a cursed -3 whip
Missiles
 e - 2 needles of confusion
 m - 42 stones (quivered)
Armour
 a - a +0 robe (worn)
Scrolls
 f - a scroll of fog {unknown}
 i - a scroll of teleportation {unknown}
 k - a scroll of enchant armour {unknown}
 s - a scroll of fear {unknown}
 t - a scroll of identify {unknown}
 v - a scroll of remove curse {unknown}
 w - a scroll of immolation {unknown}
Potions
 g - a potion of invisibility {unknown}
 h - a potion of flight {unknown}
 n - a potion of haste {unknown}
 o - a potion of resistance {unknown}
 p - a potion of ambrosia {unknown}
 q - a potion of lignification {unknown}
 r - 4 potions of curing {unknown}
Books
 b - a Young Poisoner's Handbook

   Spells                             Type                      Level
   a - Sting                          Conjuration/Poison           1
   b - Poisonous Vapours              Poison/Air                   2
   c - Mephitic Cloud                 Conjuration/Poison/Air       3
   d - Olgreb's Toxic Radiance        Poison                       4
   e - Venom Bolt                     Conjuration/Poison           5
Comestibles
 c - 2 bread rations


   Skills:
 + Level 0.1 Fighting
 + Level 0.7 Maces & Flails
 + Level 3.4 Dodging
 + Level 3.8 Stealth
 + Level 3.1 Spellcasting
 + Level 0.7 Conjurations
 + Level 0.8 Air Magic
 + Level 3.6 Poison Magic


You had 6 spell levels left.
You knew the following spells:

 Your Spells              Type           Power        Failure   Level  Hunger
a - Sting                 Conj/Pois      #...         8%          1    None
b - Poisonous Vapours     Pois/Air       #.....       11%         2    ##.....


Dungeon Overview and Level Annotations

Branches:
Dungeon (3/15)

Altars:
Qazlal

Annotations:
D:3 Heartnet's ghost, amateur DsAK


Innate Abilities, Weirdness & Mutations

You are very small and have problems with some larger weapons.
You are too small for most types of armour.
You have supernaturally acute eyesight. (SInv)
You are a herbivore.
You cover ground extremely quickly.
You need consume almost no food.


Message History

The scorpion misses you.
You whack the scorpion!
The scorpion is severely wounded.
The scorpion closely misses you.
You closely miss the scorpion.
The scorpion is severely wounded.
The scorpion stings you.
You closely miss the scorpion.
The scorpion is severely wounded.
The scorpion stings you.
A jackal comes into view.
The jackal barks!
You hit the scorpion but do no damage.
The scorpion is severely wounded.
The jackal moves out of view.
The scorpion stings you!
A jackal comes into view.
You hit the scorpion but do no damage.
The scorpion is severely wounded.
The jackal moves out of view.
The scorpion stings you!
You die...

#. #.# #.# #. #.####)###
#. #.#...... #.
#.#.##.####.## #.
#.#<#.........
.##.########.....)####.#.
...†...............(.#
....†.######........#....
###.#.# #.#.s@...# #.
.._... ...#..#.#.####
###.#..#######.........#.
.W.<...................
##.#...####.##..#..##h#.
#.#...# #. #..##.# .S. #
#..# .# #. #..# ## .....


You could see a scorpion, a jackal and a ball python (wandering).

Vanquished Creatures
  An adder (D:2)
  2 worms (D:2)
  3 dart slugs (D:2)
  An orc (D:3)
  3 giant cockroaches
  6 goblins
  4 hobgoblins
  2 jackals (D:2)
  12 bats
  4 frilled lizards (D:2)
  5 kobolds
  3 rats
46 creatures vanquished.

Notes
Turn   | Place    | Note
-------+----------+-------------------------------------------
     0 | D:1      | MatthieuS the Spriggan Venom Mage began the quest for the Orb.
     0 | D:1      | Reached XP level 1. HP: 9/9 MP: 5/5
   504 | D:1      | Reached XP level 2. HP: 12/13 MP: 1/6
   512 | D:1      | Learned a level 2 spell: Poisonous Vapours
  1186 | D:2      | Reached XP level 3. HP: 14/16 MP: 0/8
  2648 | D:3      | Found a stormy altar of Qazlal.
  2648 | D:3      | Noticed a scorpion
  2655 | D:3      | Reached XP level 4. HP: 21/21 MP: 3/9
  2657 | D:3      | Noticed Heartnet's ghost (amateur DsAK)
  2680 | D:3      | Slain by a scorpion

Vault maps used:
D:1:      saegor_arrival_simple_a
D:3:      overflow_temple_1_default, first_bread

Skill      XL: |  1  2  3 |
---------------+----------+-----
Spellcasting   | 3 |  3.1
Fighting       | |  0.1
Maces & Flails | |  0.7
Dodging        | |  3.4
Stealth        | |  3.8
Conjurations   | |  0.7
Air Magic      | |  0.8
Poison Magic   | |  3.6

Action                   |  1- 3 |  4- 6 || total
-------------------------+-------+-------++-------
Melee: Short sword       |    11 |       ||    11
       Whip              |    79 |     6 ||    85
 Cast: Sting             |    28 |     2 ||    30
       Poisonous Vapours |     9 |     1 ||    10
 Stab: Sleeping          |     6 |       ||     6
Armor: Robe              |     8 |       ||     8
Dodge: Dodged            |    68 |     2 ||    70
